 Dungeon Crawl Stone Soup version 0.30-a0-476-g330ca2eb8e (webtiles) character file.

Game seed: 6288202245748158027

933 experimilk the Destroyer (level 7, -2/50 HPs)
             Began as a Red Draconian Conjurer on Dec 22, 2022.
             Slain by a gnoll sergeant
             ... wielding a +7 spear of freezing
              (17 damage)
             ... on level 5 of the Dungeon.
             The game lasted 00:10:56 (6745 turns).

experimilk the Destroyer (Red Draconian Conjurer)   Turns: 6745, Time: 00:10:56

Health: -2/50      AC:  6    Str: 10    XL:     7   Next: 86%
Magic:  3/13       EV: 12    Int: 20    God:
Gold:   134        SH:  0    Dex:  9    Spells: 8/15 levels left

rFire   + . .      SeeInvis .    p - +1 rapier (venom)
rCold   . . .      Faith    .    (no shield)
rNeg    . . .      Spirit   .    (body armour unavailable)
rPois   .          Reflect  .    (helmet restricted)
rElec   .          Harm     .    (no cloak)
rCorr   .          Rampage  .    (no gloves)
Will    .....                    (no boots)
Stlth   ++........               (no amulet)
HPRegen 0.28/turn                (no ring)
MPRegen 0.13/turn                (no ring)

@: short of breath
A: breathe fire, AC +6, unfitting armour, fire resistance 1, cold-blooded
a: Breathe Fire


You were on level 5 of the Dungeon.
You visited 1 branch of the dungeon, and saw 5 of its levels.
You also visited: Sewer.

You collected 134 gold pieces.

Inventory:

Hand Weapons
 d - a +0 vorpal short sword
 p - a +1 rapier of venom (weapon)
Wands
 v - a wand of flame (47)
 z - a wand of paralysis (8)
Scrolls
 e - 2 scrolls of brand weapon
 f - 3 scrolls of teleportation
 g - a scroll of enchant weapon
 h - a scroll of fog {unknown}
 j - a scroll of summoning {unknown}
 l - a scroll of amnesia
 o - a scroll of blinking {unknown}
 s - 3 scrolls of immolation
 t - a scroll of enchant armour {unknown}
 u - a scroll of poison {unknown}
 w - a scroll of magic mapping {unknown}
 x - 2 scrolls of identify
 y - a scroll of torment {unknown}
Potions
 a - 3 potions of curing
 b - 2 potions of flight
 c - a potion of brilliance
 i - a potion of mutation {unknown}
 k - a potion of lignification {unknown}
 m - a potion of heal wounds {unknown}
 q - a potion of attraction {unknown}
 r - a potion of might {unknown}


   Skills:
 - Level 1.7 Dodging
 - Level 1.7 Stealth
 + Level 4.6 Spellcasting
 * Level 8.8 Conjurations


You had 8 spell levels left.
You knew the following spells:

 Your Spells              Type           Power      Damage    Failure   Level
a - Magic Dart            Conj           100%       1d8       1%          1
x - Iskenderun's Mystic   Conj/Tloc      22%        2d6       21%         4
z - Searing Ray           Conj           78%        2d7       1%          2

Your spell library contained the following spells:

 Spells                   Type           Power      Damage    Failure   Level
 Dazzling Flash           Conj/Hex       44%        N/A       6%          3
 Fulminant Prism          Conj/Hex       11%        3d8       21%         4
 Call Canine Familiar     Summ           4%         N/A       36%         3
 Portal Projectile        Hex/Tloc       8%         N/A       36%         3
 Leda's Liquefaction      Hex/Erth       2%         N/A       77%         4


Dungeon Overview and Level Annotations

Branches:
Dungeon (5/15)              Sewer (visited)
 Temple: D:4-7

Altars:
Hepliaklqana

Annotations:
D:3 1 transporter, Iich's ghost, amateur DsFi


Innate Abilities, Weirdness & Mutations

You can breathe blasts of fire.
Your fiery red scales are hard. (AC +6)
You cannot fit into any form of body armour.
Your flesh is heat resistant. (rF+)
You are cold-blooded and may be slowed by cold attacks.


Message History

Your attacks no longer feel as feeble.
The gnoll bouda barks out a call to the hunt!
The gnolls pick up the pace!
The gnoll sergeant hits you from afar with a +7 spear of freezing.
You feel yourself slow down. The gnoll sergeant freezes you.
The searing ray hits the gnoll sergeant.
The gnoll sergeant is heavily wounded.
The searing ray hits the gnoll bouda!
You kill the gnoll bouda!
You finish channelling your searing ray.
The gnoll sergeant hits you from afar with a +7 spear of freezing!
The gnoll sergeant freezes you.
Casting: Searing Ray (safe; 1% risk of failure)
Confirm with . or Enter, or press ? or * to list all spells.
The spell is quite dangerous to miscast (21% risk of failure)!
Continue anyway?
You erupt in a blast of force!
The mystic blast hits the gnoll!
You kill the gnoll!
The mystic blast hits the gnoll sergeant but does no damage.
The gnoll sergeant is heavily wounded.
You feel yourself speed up.
The gnoll sergeant hits you from afar with a +7 spear of freezing.
You feel yourself slow down. The gnoll sergeant freezes you.
The gnoll sergeant barely misses you.
Unknown command.
Casting: Iskenderun's Mystic Blast (quite dangerous; 21% risk of failure)
Confirm with . or Enter, or press ? or * to list all spells.
Aiming: Searing Ray (safe; 1% risk of failure)
Press: ? - help, Shift-Dir - straight line, f - gnoll sergeant
Aim: a gnoll sergeant, wielding a +7 spear of freezing and wearing a +0 ring mail (heavily wounded, covering ground quickly, 86% to hit)
The searing ray hits the gnoll sergeant but does no damage.
The gnoll sergeant is heavily wounded. (Press . to maintain the ray.)
The gnoll sergeant hits you from afar with a +7 spear of freezing!
* * * LOW HITPOINT WARNING * * *
The gnoll sergeant freezes you.
* * * LOW HITPOINT WARNING * * *
You feel better.
You feel yourself speed up.
The gnoll sergeant hits you from afar with a +7 spear of freezing!
You die...

#.......######.###.#..##.#
#. #.####### #........##.#
#. #..# #####.......# #.
##.# ♣♣♣♣ ####.#### #. #.#
..)♣ ###<########. #.# #
#..♣♣♣ #............ #.#
...#....♣♣♣###.#........
##.##
...#.)♣.))♣♣#..#........
#...#
)..')g)@.)))..##.)####..
#..## ...#.♣....♣♣#.....#
#.. #..### ...#..).♣♣♣
#.....# #.. #....# #
#..♣♣♣ #.##### #>. #.#).#
...♣ #.# #.. #....## ♣♣♣♣
#.# ####..
#.....##############.#
#....<
##...........$....!..#
#.####
#.....##.############
###.####


You could see a gnoll sergeant (swift).

Vanquished Creatures
  2 necrophages (D:5)
  2 scorpions (D:5)
  4 jellies
  A gnoll bouda (D:5)
  4 iguanas
  Natasha (thrice) (D:4)
  An orc wizard (D:5)
  11 gnolls (D:5)
  13 adders
  2 river rats (D:3)
  A white imp (D:4)
  6 worms
  A dart slug (D:1)
  2 orcs
  2 bats (D:3)
  11 endoplasms
  4 giant cockroaches
  3 goblins
  4 hobgoblins
  4 jackals
  3 quokkas
  7 ball pythons
  3 frilled lizards
  12 kobolds
  8 rats
114 creatures vanquished.

Notes
Turn   | Place    | Note
-------+----------+-------------------------------------------
     0 | D:1      | experimilk the Draconian Conjurer began the quest for the
                  | Orb.
     0 | D:1      | Reached XP level 1. HP: 14/14 MP: 3/3
   376 | D:1      | Reached XP level 2. HP: 20/20 MP: 1/5
   661 | D:1      | Learned a level 2 spell: Searing Ray
  1358 | D:2      | Reached skill level 5 in Conjurations
  1358 | D:2      | Reached XP level 3. HP: 26/26 MP: 1/6
  2738 | D:3      | Reached XP level 4. HP: 33/33 MP: 2/7
  2743 | D:3      | Learned a level 4 spell: Iskenderun's Mystic Blast
  2797 | D:3      | Found a transporter.
  2809 | D:3      | Noticed Iich's ghost (amateur DsFi)
  3081 | D:3      | Reached skill level 6 in Conjurations
  3099 | D:3      | Found a glowing drain.
  3105 | Sewer    | Entered a sewer
  3329 | Sewer    | Reached XP level 5. HP: 38/38 MP: 1/8
  4640 | D:4      | Noticed Natasha
  4642 | D:4      | Killed Natasha
  4643 | D:4      | Reached XP level 6. HP: 45/45 MP: 6/10
  4947 | D:4      | Noticed Natasha
  4950 | D:4      | Killed Natasha
  4951 | D:4      | Reached skill level 7 in Conjurations
  5291 | D:4      | Noticed Natasha
  5300 | D:4      | Killed Natasha
  5423 | D:5      | Entered Level 5 of the Dungeon
  5757 | D:5      | Your scales start taking on a fiery red colour.
  5757 | D:5      | Reached XP level 7. HP: 50/50 MP: 7/12
  5757 | D:5      | Gained mutation: Your flesh is heat resistant. (rF+) [Red
                  | Draconian growth]
  5833 | D:5      | Reached skill level 8 in Conjurations
  6079 | D:5      | Identified the +1 robe of Gozag's Felicitations {rElec
                  | Str-4 SInv}
  6622 | D:5      | Found a hazy altar of Hepliaklqana.
  6745 | D:5      | Slain by a gnoll sergeant

Illustrated notes

Levels and vault maps discovered:
D:1:      tarquinn_simple_flora_water_d, layout_loops_ring
D:2:      layout_loops_ring
D:3:      layout_rooms, gammafunk_ghost_mausoleum, gup_sewer_entry_bubbles
D:4:      layout_basic, uniq_natasha
D:5:      layout_loops_cross, nzn_hepliaklqana_mist_gate,
          pf_guarded_unrand_woodcutter

Skill      XL: |  1  2  3  4  5  6  7 |
---------------+----------------------+-----
Conjurations   | 5 6 7 8 |  8.8
Spellcasting   | 3 4 |  4.6
Dodging        | |  1.7
Stealth        | |  1.7

Action                   |  1- 3 |  4- 6 |  7- 9 || total
-------------------------+-------+-------+-------++-------
Melee: Unarmed           |     1 |       |       ||     1
       Short sword       |    19 |    37 |       ||    56
       Tailslap          |     2 |     5 |       ||     7
       Rapier            |       |     5 |     3 ||     8
 Cast: Magic Dart        |    65 |    67 |    10 ||   142
       Searing Ray       |     6 |    30 |     9 ||    45
       Iskenderun's Myst |       |       |     2 ||     2
 Abil: Breathe Fire      |       |       |     6 ||     6
  Use: Potion            |     1 |     1 |     2 ||     4
       Scroll            |     2 |     8 |     1 ||    11
Armor: Skin              |     9 |    16 |     2 ||    27
Dodge: Dodged            |    20 |    40 |     6 ||    66

Table legend: (Time is in decaauts)
 A = Elapsed time spent in this place.
 B = Non-inter-level travel time spent in this place.
 C = Inter-level travel time spent in this place.
 D = Time resting spent in this place.
 E = Time spent auto-exploring this place.
 F = Levels seen in this place.
 G = Mean time per level.
                   A        B        C        D        E       F      G
               +--------+--------+--------+--------+--------+-----+--------+
         Total |   6855 |   6741 |    114 |   1721 |   4280 |   6 | 1142.5 |
       Dungeon |   6128 |   6014 |    114 |   1487 |   3882 |   5 | 1225.6 |
         Sewer |    727 |    727 |      0 |    234 |    398 |   1 |  727.0 |
               +--------+--------+--------+--------+--------+-----+--------+

Top non-repeatable levels by time:
     D:1: 1673 daAuts
     D:4: 1272 daAuts
     D:5: 1266 daAuts
     D:2: 1036 daAuts
     D:3: 879 daAuts
   Sewer: 727 daAuts
